[Event "Early-Titled-Tuesday-Blitz-September-26-2023"]
[Site "Chess.com"]
[Date "2023.09.26"]
[Round "8"]
[White "Grossboss19"]
[Black "GMTalks_Youtube"]
[Result "1-0"]
[WhiteElo "2530"]
[BlackElo "2711"]
[TimeControl "180+1"]
[EndTime "9:29:19 PDT"]
[Termination "Grossboss19 won on time"]

1. d4 Nf6 2. Nc3 d5 3. Bf4 c5 4.
e3 cxd4 5. exd4 a6 6. Bd3 Nc6 7.
Nf3 Bg4 8. Ne2 Bxf3 9. gxf3 Nb4 10. Be5 e6 11. c3 Nxd3+ 12. Qxd3 Nd7 13. h4 Qb6 14. Qd2 Qc6 15. h5 f6 16. Bg3 Bd6 17. O-O-O O-O-O 18. Rdg1 Rhg8 19. Kb1 Nb6 20. Bxd6 Qxd6 21. Ka1 Rd7 22. Qd3 f5 23. f4 Kb8 24.
f3 Rc8 25. Rg2 Nc4 26. Rhg1 Rcc7 27. b3 Na5 28. Qd2 Qa3 29. Qb2 Qd6 30. Re1 Nc6 31. Qd2 Qe7 32. Nc1 Rd6 33. Nd3 Qh4 34. Rh2 Qg3 35.
Ree2 Qg1+ 36. Kb2 Qg3 37. Qe3 e5 38. fxe5 Rh6 39. Reg2 1-0

[Event "Early-Titled-Tuesday-Blitz-September-26-2023"]
[Site "Chess.com"]
[Date "2023.09.26"]
[Round "8"]
[White "Darius321"]
[Black "stratacticos"]
[Result "1-0"]
[WhiteElo "2334"]
[BlackElo "1795"]
[TimeControl "180+1"]
[EndTime "9:29:19 PDT"]
[Termination "Darius321 won by checkmate"]

1. e4 c5 2. Nf3 Nc6 3. Bb5 Na5 4. b4 cxb4 5. d4 a6 6. Be2 g6 7. O-O Bg7 8. Bb2 Nh6 9. a3 bxa3 10. Nxa3 O-O 11.
c4 d6 12. h3 Bd7 13. Nc2 b5 14. cxb5 Bxb5 15. Nb4 Nc4 16. Bc3 f5 17. Qb3 Rc8 18. Nd2 d5 19. Nxd5 Nxd2 20. Bxd2 Bxe2 21. Nxe7+ Kh8 22.
Nxc8 Bxf1 23. Kxf1 Qxc8 24. e5 f4 25. Rc1 Qd7 26.
Qb6 f3 27. gxf3 Qxh3+ 28. Ke1 Qxf3 29. Be3 Ng4 30. Qb3 Nxe3 31. Qxe3 Qd5 32. Ke2 a5 33. Rc5 Qa2+ 34. Kf1 Bh6 35. Qe2 Qb1+ 36. Kg2 Qb7+ 37.
d5 a4 38. e6 Bg5 39. Qe5+ Bf6 40. Qd6 a3 41. Qxf8# 1-0

[Event "Early-Titled-Tuesday-Blitz-September-26-2023"]
[Site "Chess.com"]
[Date "2023.09.26"]
[Round "8"]
[White "chessdjw"]
[Black "JoliyRoger"]
[Result "1-0"]
[WhiteElo "2685"]
[BlackElo "2505"]
[TimeControl "180+1"]
[EndTime "9:29:20 PDT"]
[Termination "chessdjw won on time"]

1. d4 Nf6 2. Nf3 e6 3. c4 c5 4. e3 cxd4 5. exd4 d5 6. Nc3 Bb4 7. cxd5 Nxd5 8. Bd2 Nc6 9. Bd3 O-O 10. O-O Be7 11. a3 Bf6 12. Qe2 Nce7 13. Ne4 Ng6 14. Nxf6+ Nxf6 15. h4 Bd7 16. Bg5 h6 17. Bd2 Bc6 18.
Bxg6 fxg6 19. Qxe6+ Kh7 20. Ne5 Bd5 21. Qh3 Rc8 22. Qg3 Qe8 23. f3 Nh5 24. Qe1 Qe7 25. Bb4 Qf7 26. Bxf8 Qxf8 27. Rc1 Re8 28. Qd2 Nf4 29. g3 Ne6 30. Kh2 Qf6 31. Rf2 Rd8 32. Qe3 a6 33. Rd1 Ba2 34. b4 Bd5 35. Ng4 Qf5 36. Qe5 Qf7 37. Ne3 Bb3 38. Rd3 Ba4 39.
d5 Nc7 40. Rd4 Bd7 41. Rf4 Qg8 42. Qxc7 1-0

[Event "Early-Titled-Tuesday-Blitz-September-26-2023"]
[Site "Chess.com"]
[Date "2023.09.26"]
[Round "8"]
[White "Journey_to_GrandMaster_YT"]
[Black "KVAIDAN"]
[Result "1-0"]
[WhiteElo "2605"]
[BlackElo "2293"]
[TimeControl "180+1"]
[EndTime "9:29:20 PDT"]
[Termination "Journey_to_GrandMaster_YT won by checkmate"]

1. d4 e6 2. Nf3 f5 3. d5 Bd6 4.
dxe6 dxe6 5. e4 e5 6. Bc4 Nf6 7. exf5 Bxf5 8. O-O Qe7 9. Re1 Nc6 10. Ng5 O-O-O 11.
Nf7 Na5 12. Qe2 Nxc4 13. Qxc4 Be6 14. Nxd6+ Rxd6 15. Qa4 a6 16. Nc3 Rhd8 17. Be3 Nd5 18. Bc5 Nxc3 19. Bxd6 Rxd6 20. bxc3 Bd7 21. Qe4 Re6 22.
Rad1 Bc6 23. Qxh7 Qg5 24. Qh3 Bd7 25. Re3 Re7 26. Qg3 Qh5 27. Red3 Qe8 28. h3 Kb8 29. Kh2 Ka7 30. Re1 e4 31. Rde3 Bc6 32. f3 Re5 33. f4 Re7 34. Rd1 Qf7 35. a3 Qc4 36. Rd4 Qa2 37. Qg5 Qxa3 38. Rb4 Rd7 39. Qc5+ Kb8 40.
Qf8+ Ka7 41. Rxb7+ Kxb7 42. Qxa3 Rd2 43. Qb4+ Kc8 44.
Qf8+ Kb7 45. Qxg7 a5 46. f5 a4 47. c4 Rxc2 48. f6 Rxc4 49. f7 Rc5 50. f8=Q Ra5 51.
Qb4+ Bb5 52. Rxe4 a3 53. Qxa5 Kc6 54. Qgxc7+ Kd5 55. Qxb5+ Kxe4 56. Qcc4+ Ke3 57. Qbb3+ Kf2 58. Qcc2+ Kf1 59. Qbb1# 1-0

[Event "Early-Titled-Tuesday-Blitz-September-26-2023"]
[Site "Chess.com"]
[Date "2023.09.26"]
[Round "8"]
[White "Squirlolz"]
[Black "Maxfan2008"]
[Result "1-0"]
[WhiteElo "2564"]
[BlackElo "2569"]
[TimeControl "180+1"]
[EndTime "9:29:24 PDT"]
[Termination "Squirlolz won on time"]

1. e4 c5 2. Nf3 d6 3. d4 cxd4 4. Nxd4 Nf6 5. Nc3 a6 6. Bc4 e6 7. Be3 Be7 8. Bb3 b5 9. a3 Bb7 10. f3 Qd7 11. g4 h6 12. Qe2 Nc6 13. O-O-O Na5 14. h4 O-O-O 15. g5 Nh5 16. Rhg1 hxg5 17. hxg5 g6 18. Kb1 e5 19. Bxf7 exd4 20. Bxd4 Bf6 21. Bxg6 Bxd4 22. Bf5 Bxg1 23. Bxd7+ Rxd7 24. Rxg1 Nc4 25. g6 Nf4 26. Qd1 Rg8 27. g7 Rdxg7 28. Rxg7 Rxg7 29. b3 Nxa3+ 30. Kb2 b4 31. Qxd6 Rg2 32. Qf8+ Kc7 33. Qxf4+ Kb6 34. Qd6+ Ka7 35. Qxb4 Nxc2 36. Qc5+ Ka8 37. Kc1 Kb8 38. Na4 Na1 39. Kb1 Nxb3 40. Qf8+ 1-0

[Event "Early-Titled-Tuesday-Blitz-September-26-2023"]
[Site "Chess.com"]
[Date "2023.09.26"]
[Round "8"]
[White "kidagent"]
[Black "Makswolf200817"]
[Result "0-1"]
[WhiteElo "2261"]
[BlackElo "2714"]
[TimeControl "180+1"]
[EndTime "9:29:24 PDT"]
[Termination "Makswolf200817 won on time"]

1. e4 c5 2. Nf3 d6 3. d4 cxd4 4. Nxd4 Nf6 5. Nc3 a6 6. Bg5 e6 7.
f4 Be7 8. Qf3 Qc7 9. O-O-O Nbd7 10. Bd3 b5 11. Rhe1 Bb7 12. Qh3 b4 13. Na4 Nc5 14.
Nxc5 dxc5 15. Nxe6 fxe6 16. Qxe6 Bc8 17. Qc4 Bg4 18.
Rd2 Rd8 19. Qxa6 O-O 20. h3 Bc8 21. Qc4+ Kh8 22. e5 Nd5 23. Bxe7 Qxe7 24. f5 Qg5 25. g4 Nf4 26. Kd1 Bb7 27. Rf2 Rd4 28. Qxc5 Rfd8 29. e6 Rxd3+ 30. cxd3 Nxd3 31. Qe3 Nxf2+ 32. Ke2 Qxe3+ 33.
Kxe3 Nxh3 34. Rc1 Ng5 35. Rc7 Bd5 36. Kf4 Bxe6 37. Kxg5 Bxa2 38. Rb7 b3 39. f6 Rd5+ 40. Kf4 gxf6 41. Ke4 Rg5 0-1

[Event "Early-Titled-Tuesday-Blitz-September-26-2023"]
[Site "Chess.com"]
[Date "2023.09.26"]
[Round "8"]
[White "wannabe2700"]
[Black "Oleksandr_Bortnyk"]
[Result "0-1"]
[WhiteElo "2667"]
[BlackElo "3029"]
[TimeControl "180+1"]
[EndTime "9:29:26 PDT"]
[Termination "Oleksandr_Bortnyk won by resignation"]

1. f4 g6 2. Nf3 Bg7 3. g3 b6 4. Bg2 Bb7 5. O-O d6 6. d3 Nd7 7. e4 e6 8. c3 Ne7 9. Re1 O-O 10. Be3 c5 11. Nbd2 Qc7 12. a4 a6 13. d4 Rac8 14. Bf2 cxd4 15. Nxd4 e5 16. Nc2 d5 17. fxe5 Nxe5 18.
exd5 Nxd5 19. Qe2 Nxc3 20. bxc3 Bxg2 21. Bd4 Ba8 22. Bxe5 Qc6 23. Nd4 Qh1+ 24. Kf2 Qxh2+ 25. Kf1 Qh1+ 26. Kf2 Qg2+ 27. Ke3 Qxe2+ 28. Kxe2 Bxe5 29. Kf2 Bxd4+ 30. cxd4 Rfd8 31. Nb3 Bd5 32. Rab1 Rc2+ 33. Re2 Rxe2+ 34. Kxe2 Bxb3 35. Rxb3 Rxd4 36. Rxb6 Rxa4 37. Kf3 h5 38. Rb7 Kg7 39. Ke3 Ra1 40. Kf4 a5 41. Kf3 a4 42. Ra7 a3 43. Kf2 a2 44.
Kg2 Kh6 45. Ra6 f5 46. Ra8 Kg5 47. Ra4 Kf6 48. Ra6+ Ke7 49. Ra7+ Kd6 50. Ra6+ Kc7 51. Ra8 g5 52. Ra5 f4 53. gxf4 gxf4 54. Ra7+ Kb6 55. Ra3 f3+ 56. Rxf3 Rb1 57. Ra3 a1=Q 58. Rxa1 Rxa1 0-1

[Event "Early-Titled-Tuesday-Blitz-September-26-2023"]
[Site "Chess.com"]
[Date "2023.09.26"]
[Round "8"]
[White "bazar-wokzal"]
[Black "PeshkaCh"]
[Result "0-1"]
[WhiteElo "2662"]
[BlackElo "2801"]
[TimeControl "180+1"]
[EndTime "9:29:26 PDT"]
[Termination "PeshkaCh won by checkmate"]

1. e4 e5 2. Bc4 Nc6 3. f4 Nf6 4. Nc3 Bb4 5. Nf3 d6 6. O-O Bg4 7.
d3 Nd4 8. Kh1 Bxf3 9. gxf3 Qd7 10. fxe5 dxe5 11. Bg5 c6 12. Ne2 Ne6 13. Bxf6 gxf6 14.
f4 Nxf4 15. Nxf4 exf4 16. Rxf4 Be7 17. Qh5 O-O-O 18. Qxf7 Kb8 19. Qe6 Qc7 20. Raf1 Rhe8 21. Qf7 Qe5 22. c3 Rf8 23. Qxh7 Rh8 24. Qf5 Qc7 25.
d4 Bd6 26. Qxf6 Bxf4 27. Qxf4 Rd6 28. e5 Rdh6 29. Rf2 a6 30. a4 Ka7 31. b4 Qh7 32. b5 Qb1+ 33. Kg2 Rg6+ 34. Kf3 Rh3+ 35. Ke2 Qc2+ 36. Qd2 Qe4+ 37. Kd1 Rg1+ 38. Bf1 Rd3 39.
bxc6 Rxd2+ 40. Kxd2 Qxc6 41. Bd3 Qxa4 42. Re2 Qa2+ 43.
Ke3 Qe6 44. c4 Qh6+ 45. Ke4 Rg4+ 46. Kd5 Qc6# 0-1

[Event "Early-Titled-Tuesday-Blitz-September-26-2023"]
[Site "Chess.com"]
[Date "2023.09.26"]
[Round "8"]
[White "Eagle_2019"]
[Black "Lady_Nika"]
[Result "0-1"]
[WhiteElo "2671"]
[BlackElo "2497"]
[TimeControl "180+1"]
[EndTime "9:29:26 PDT"]
[Termination "Lady_Nika won by checkmate"]

1. d4 d5 2. c4 e6 3. Nc3 f5 4. Bf4 c6 5. e3 Nf6 6. Nf3 Bd6 7.
Bd3 O-O 8. O-O Qe7 9. Qc2 Ne4 10. Ne5 Nd7 11. f3 Nxc3 12. Qxc3 g5 13. Bg3 f4 14. exf4 gxf4 15. Bf2 Qg7 16. Rfe1 Nxe5 17. dxe5 Be7 18. b4 a6 19. cxd5 exd5 20. Bd4 Be6 21. a4 Rac8 22.
Bc5 Bxc5+ 23. bxc5 Kh8 24. Re2 Rc7 25. Rb1 Re7 26.
Reb2 Rfe8 27. Qd4 Bc8 28. Qxf4 Rxe5 29. Bf1 Rf5 30. Qg3 Rg5 31. Qf2 Rge5 32. Rb4 Re3 33. Rh4 Qc3 34. Qb2 Qxb2 35. Rxb2 Rc3 36. Rbb4 Rxc5 37.
Bd3 Re7 38. Rbf4 Kg8 39. Rh5 Rc1+ 40. Kf2 Rg7 41. Rfh4 Rd1 42. Bxh7+ Kf8 43. g3 Re7 44. Rf4+ Kg7 45. Rg5+ Kh6 46. Rg8 Rd2+ 47. Kf1 Bh3+ 48. Kg1 Re1# 0-1

[Event "Early-Titled-Tuesday-Blitz-September-26-2023"]
[Site "Chess.com"]
[Date "2023.09.26"]
[Round "8"]
[White "Doudou2015"]
[Black "MAGMAchess02"]
[Result "0-1"]
[WhiteElo "2163"]
[BlackElo "2393"]
[TimeControl "180+1"]
[EndTime "9:29:26 PDT"]
[Termination "MAGMAchess02 won by resignation"]

1. b3 c5 2. Bb2 Nf6 3. e3 g6 4. Bxf6 exf6 5. d4 cxd4 6. exd4 d5 7. Be2 Nc6 8. Nf3 Bg7 9. O-O O-O 10. Re1 Qc7 11. h3 Bf5 12. c3 a6 13. Qd2 b5 14.
Na3 Rac8 15. Rac1 Qd6 16. Nc2 Rfe8 17. Ne3 Be4 18. Nh2 f5 19. f3 f4 20. Neg4 Bf5 21. Bd3 Bxd3 22. Qxd3 b4 23. Ne5 Nxe5 24. dxe5 Rxe5 25.
cxb4 Rxe1+ 26. Rxe1 h5 27. b5 axb5 28. Qxb5 Qc5+ 29.
Qxc5 Rxc5 30. Nf1 Bd4+ 31. Kh2 Bf2 32. Rd1 d4 33. a4 Rc3 34. Rb1 d3 35. a5 Be3 36. a6 d2 37. Nxd2 Bxd2 38. a7 Rc8 39. b4 Ra8 40. b5 Rxa7 41. b6 Rb7 42. Rd1 Be3 43. Rd8+ Kg7 44. g3 Rxb6 45. gxf4 Rb2+ 46. Kg3 Bf2+ 47. Kg2 Bb6+ 0-1

[Event "Early-Titled-Tuesday-Blitz-September-26-2023"]
[Site "Chess.com"]
[Date "2023.09.26"]
[Round "8"]
[White "Yuruultei"]
[Black "FMStan15"]
[Result "0-1"]
[WhiteElo "2252"]
[BlackElo "2108"]
[TimeControl "180+1"]
[EndTime "9:29:30 PDT"]
[Termination "FMStan15 won on time"]

1. d4 Nf6 2. c4 g6 3. Nc3 Bg7 4. e4 d6 5. Be2 O-O 6. Nf3 e5 7.
O-O Nbd7 8. Be3 Ng4 9. Bg5 f6 10.
Bc1 f5 11. d5 f4 12. b4 b6 13.
a4 h6 14. Ba3 g5 15. c5 bxc5 16. bxc5 Nxc5 17. Bxc5 dxc5 18. Nd2 Nf6 19. Nb3 Qe7 20.
h3 Rb8 21. Rc1 Bd7 22. Nb5 Bxb5 23. axb5 Nxe4 24. Bd3 Nd6 25. Rxc5 e4 26. Re1 Rfe8 27. Qc1 Qf6 28. Bf1 Re7 29. Rxc7 Nxb5 30. Rc8+ Rxc8 31. Qxc8+ Kh7 32. Bxb5 e3 33. fxe3 fxe3 34. Qc2+ Kh8 35. Rf1 Qb6 36. Bd3 e2+ 37. Kh2 exf1=Q 38. Bxf1 Qc7+ 39. Qxc7 Rxc7 40. Bb5 Be5+ 41. Kg1 Rb7 42. Bc6 Rxb3 0-1

[Event "Early-Titled-Tuesday-Blitz-September-26-2023"]
[Site "Chess.com"]
[Date "2023.09.26"]
[Round "8"]
[White "hakanazeri2"]
[Black "vovachesss"]
[Result "1-0"]
[WhiteElo "2624"]
[BlackElo "2736"]
[TimeControl "180+1"]
[EndTime "9:29:31 PDT"]
[Termination "hakanazeri2 won by checkmate"]

1. Nf3 d6 2. d4 Nf6 3. c4 g6 4. Nc3 Bf5 5. Nh4 Bd7 6. e4 e5 7. Nf3 Nc6 8. d5 Ne7 9. Be2 Bg7 10. O-O O-O 11. b4 a5 12. bxa5 Rxa5 13. a4 c5 14.
Nd2 b6 15. f3 Nh5 16. Nb3 Ra8 17. Bd2 Nf4 18. Nb5 Nc8 19. a5 bxa5 20. Rxa5 Rxa5 21. Nxa5 f5 22. exf5 gxf5 23. Nc6 Qb6 24. Bxf4 exf4 25.
Qd2 Bxc6 26. dxc6 Qxc6 27. Qxf4 Be5 28. Qd2 f4 29. Bd3 Ne7 30. Be4 Qd7 31. Qd3 Nf5 32. Bxf5 Rxf5 33. Nc3 Bd4+ 34. Kh1 Rh5 35. Nd5 Qf7 36.
h3 Qe6 37. Kh2 Rg5 38. Rb1 Kg7 39. Rb7+ Kh6 40. Qxh7# 1-0

[Event "Early-Titled-Tuesday-Blitz-September-26-2023"]
[Site "Chess.com"]
[Date "2023.09.26"]
[Round "8"]
[White "Witty_Alien"]
[Black "carloseduar100"]
[Result "1-0"]
[WhiteElo "2222"]
[BlackElo "2322"]
[TimeControl "180+1"]
[EndTime "9:29:32 PDT"]
[Termination "Witty_Alien won by resignation"]

1. e4 e6 2. d4 d5 3. exd5 exd5 4. c4 Nc6 5. Nf3 Nf6 6. Nc3 Bb4 7. Bd3 O-O 8. O-O Re8 9. Re1 Bxc3 10. bxc3 Rxe1+ 11. Qxe1 dxc4 12. Bxc4 Qe7 13. Qxe7 Nxe7 14. Bg5 Ned5 15.
Re1 Be6 16. Ne5 h6 17. Bxf6 Nxf6 18. Bxe6 fxe6 19. Nc4 Re8 20. Na5 b6 21. Nc6 Nd5 22. c4 Nf4 23. Re4 g5 24. d5 Kf7 25. dxe6+ Rxe6 26.
Nd8+ Ke7 27. Nxe6 Nxe6 28. h4 Kd6 29. hxg5 hxg5 30. g3 a5 31. Kg2 c6 32. a4 Nc5 33.
Rg4 Nxa4 34. Rxg5 Nb2 35. Rg6+ Kc5 36. Rg8 a4 37. g4 Kxc4 38. Ra8 Kb4 39. g5 a3 40. g6 Na4 41. g7 a2 42. Rxa4+ Kxa4 43.
g8=Q a1=Q 44. Qa8+ Kb3 45. Qxa1 b5 46. f4 1-0

[Event "Early-Titled-Tuesday-Blitz-September-26-2023"]
[Site "Chess.com"]
[Date "2023.09.26"]
[Round "8"]
[White "ellatambien"]
[Black "ContrVersia"]
[Result "0-1"]
[WhiteElo "2521"]
[BlackElo "2879"]
[TimeControl "180+1"]
[EndTime "9:29:33 PDT"]
[Termination "ContrVersia won on time"]

1. c4 e6 2. g3 d5 3. Bg2 Nf6 4. Nf3 dxc4 5. Qa4+ Nbd7 6. Qxc4 a6 7. Qc2 c5 8. Nc3 Rb8 9. d4 b5 10. Bf4 Rb6 11.
O-O Bb7 12. Rad1 Qa8 13. Be3 Ng4 14. dxc5 Nxe3 15. fxe3 Bxc5 16. Rxd7 Kxd7 17. Ne5+ Ke8 18. Bxb7 Bxe3+ 19. Kg2 Qxb7+ 20. Kh3 f6 21. Qd3 Bc5 22. Ne4 Be7 23. Nf3 Qd5 24. Qe3 Rc6 25. Nc3 Qh5+ 26. Kg2 Qc5 27. Qe4 f5 28. Qf4 Bf6 29.
Rd1 Ke7 30. e4 g5 31. Nxg5 Qe5 32. Qd2 Rd6 33. Qxd6+ Qxd6 34. Rxd6 Kxd6 35. Nf7+ Kc5 36. Nxh8 Bxh8 37. exf5 exf5 38. Kf3 Be5 39. Nd1 Kd5 40. b3 Ke6 41. Nf2 Bd6 42. Nd3 Kd5 43. Nf4+ Kd4 0-1

[Event "Early-Titled-Tuesday-Blitz-September-26-2023"]
[Site "Chess.com"]
[Date "2023.09.26"]
[Round "8"]
[White "Darko-Dimitrijevic"]
[Black "chesslh19"]
[Result "0-1"]
[WhiteElo "2144"]
[BlackElo "2335"]
[TimeControl "180+1"]
[EndTime "9:29:33 PDT"]
[Termination "chesslh19 won by checkmate"]

1. c4 e6 2. b3 d5 3. Bb2 Nf6 4.
g3 Be7 5. Bg2 O-O 6. Nf3 b6 7.
O-O Bb7 8. d3 Nbd7 9. Nbd2 c5 10. Qc2 Rc8 11. e4 Qc7 12. Rfe1 dxe4 13. dxe4 Qb8 14.
e5 Ng4 15. h3 Nh6 16. g4 Rfd8 17. Ne4 Qa8 18. Re3 Nf8 19. Ng3 Ng6 20. Nh5 Bf8 21. Rae1 Kh8 22. a3 Ng8 23. Bc3 N8e7 24. Qe2 Kg8 25.
Kh2 Nc6 26. Bb2 Nd4 27. Nxd4 cxd4 28. Rg3 Bxg2 29. Rxg2 d3 30. Qd2 Nh4 31. Rg3 Nf3+ 32.
Rxf3 Qxf3 33. Re3 Qb7 34. Rxd3 Qc7 35. Rd6 Bxd6 36. exd6 Qxd6+ 37. Qxd6 Rxd6 38. Nf4 Rd2 39. Bc3 Rxf2+ 40. Kg3 Rc2 41. Bd4 Rd8 42. Be5 f6 43. h4 fxe5 44. Nxe6 Rd3# 0-1

[Event "Early-Titled-Tuesday-Blitz-September-26-2023"]
[Site "Chess.com"]
[Date "2023.09.26"]
[Round "8"]
[White "Rap_woyska"]
[Black "Korchmar_Vasiliy"]
[Result "1-0"]
[WhiteElo "2532"]
[BlackElo "2679"]
[TimeControl "180+1"]
[EndTime "9:29:34 PDT"]
[Termination "Rap_woyska won on time"]

1. c4 e6 2. Nf3 d5 3. g3 Nf6 4.
Bg2 d4 5. e3 c5 6. b4 dxe3 7. fxe3 cxb4 8. a3 Nc6 9. O-O bxa3 10. Nxa3 e5 11. Bb2 Bd6 12. Nb5 Bb8 13. d4 O-O 14. d5 Nb4 15. Nxe5 a6 16. Qb3 Qe7 17. Nf3 Bd7 18. Ba3 Re8 19. Bxb4 Qe4 20. Nd6 Bxd6 21. Bxd6 Ng4 22. Bc5 Qg6 23. Bd4 h5 24.
Qxb7 Rad8 25. Nh4 Qd3 26. Rae1 a5 27. Qb1 Qxc4 28. Nf5 Bxf5 29. Qxf5 Nh6 30. Qxh5 a4 31. Qg5 f6 32. Bxf6 Rd7 33. Bd4 a3 34. Qg6 Red8 35.
Bh3 Re7 36. Be6+ Rxe6 37. Qxe6+ Kh8 38. Qe7 Kg8 39. Qxd8+ 1-0

[Event "Early-Titled-Tuesday-Blitz-September-26-2023"]
[Site "Chess.com"]
[Date "2023.09.26"]
[Round "8"]
[White "karinachess1"]
[Black "EvgenyBurmakin"]
[Result "1-0"]
[WhiteElo "2608"]
[BlackElo "2333"]
[TimeControl "180+1"]
[EndTime "9:29:35 PDT"]
[Termination "karinachess1 won by checkmate"]

1. d4 Nf6 2. c4 g6 3. g3 Bg7 4.
Bg2 O-O 5. Nc3 d6 6. Nf3 Nbd7 7. O-O e5 8. e4 exd4 9. Nxd4 Re8 10. h3 Nc5 11.
Re1 a5 12. b3 c6 13. Bb2 a4 14. b4 a3 15. Bc1 Ne6 16. Be3 Nxd4 17. Bxd4 Be6 18.
Bf1 Qd7 19. Kh2 Qc7 20. Qd2 d5 21. cxd5 cxd5 22. e5 Ne4 23. Nxe4 dxe4 24. Rxe4 Red8 25. Qc3 Qd7 26. Bg2 Bf5 27. Rf4 g5 28. Rxf5 Qxf5 29. Re1 Rac8 30. Qe3 Rc2 31. Be4 Qc8 32. Bxc2 Qxc2 33.
Re2 Qc4 34. Bc5 Re8 35. Bd6 f6 36. f4 gxf4 37. gxf4 fxe5 38. fxe5 Re6 39. Rg2 Qd5 40. Qg5 Rg6 41. Qd8+ Kf7 42. Rf2+ Bf6 43. Rxf6+ Rxf6 44. Qxf6+ Ke8 45. Qe7# 1-0

[Event "Early-Titled-Tuesday-Blitz-September-26-2023"]
[Site "Chess.com"]
[Date "2023.09.26"]
[Round "8"]
[White "Hrant_ChessMood"]
[Black "DanielNaroditsky"]
[Result "0-1"]
[WhiteElo "2913"]
[BlackElo "3150"]
[TimeControl "180+1"]
[EndTime "9:29:36 PDT"]
[Termination "DanielNaroditsky won on time"]

1. d4 Nf6 2. Nf3 g6 3. Nbd2 d5 4. e3 Bg7 5. b4 O-O 6. Bb2 a5 7.
b5 c5 8. c4 cxd4 9. Bxd4 Bf5 10. Be2 Nbd7 11. O-O Rc8 12. a4 Nc5 13. cxd5 Nxd5 14. Bxg7 Kxg7 15. Ra3 Nb4 16. Nd4 Bd3 17. Nc4 Bxc4 18. Bxc4 e5 19. Nf3 Qe7 20. h3 Rfd8 21.
Qe2 b6 22. Raa1 Ne4 23. Rfc1 Rc5 24. Bb3 Nc3 25. Qf1 Qc7 26. h4 Ne2+ 27. Qxe2 Rxc1+ 28. Rxc1 Qxc1+ 29. Kh2 Qc3 30. Bc4 Nd3 31. Bxf7 Nc1 32.
Qc4 Qxc4 33. Bxc4 e4 34. Ng5 Rc8 35. Bd5 Nd3 36. Nxe4 Rc1 37. Bc6 Nb2 38. Nd6 Nxa4 39. Nc8 Rc2 40. Kg3 Rb2 41. e4 Nc5 42. f3 a4 43. Nxb6 a3 44. Bd5 Rxb5 45. Nc8 Rb2 46. Nd6 a2 0-1

[Event "Early-Titled-Tuesday-Blitz-September-26-2023"]
[Site "Chess.com"]
[Date "2023.09.26"]
[Round "8"]
[White "Goryachkina"]
[Black "PavelChernomordik"]
[Result "1-0"]
[WhiteElo "2677"]
[BlackElo "2500"]
[TimeControl "180+1"]
[EndTime "9:29:37 PDT"]
[Termination "Goryachkina won by resignation"]

1. e4 g6 2. d4 Bg7 3. Nc3 d6 4. Be3 a6 5. a4 b6 6. Nf3 e6 7. Bd3 Bb7 8. O-O Nd7 9. Qd2 h6 10. Rfe1 Ne7 11. Ne2 Nf6 12. Ng3 Ng4 13. c4 Nxe3 14.
Qxe3 O-O 15. Rad1 a5 16. e5 c5 17. dxc5 dxc5 18. Bxg6 Qc7 19. Bc2 Bxf3 20. Qxf3 Bxe5 21. Qg4+ Kh8 22. Qh4 Bg7 23. Nh5 Ng6 24. Bxg6 fxg6 25. Nxg7 Kxg7 26. Rxe6 Rae8 27. Rxe8 Rxe8 28. h3 Qc6 29. b3 g5 30. Qg4 Re7 31. Qf5 Rf7 32.
Qe5+ Kh7 33. Rd8 Qf6 34. Qxf6 Rxf6 35. f3 Kg6 36. Kf2 Kf5 37. g3 Ke5 38. Ke3 Re6 39. f4+ gxf4+ 40. gxf4+ Kf5+ 41. Kf3 Re1 42. Rf8+ Ke6 43.
Re8+ 1-0

[Event "Early-Titled-Tuesday-Blitz-September-26-2023"]
[Site "Chess.com"]
[Date "2023.09.26"]
[Round "8"]
[White "Mesa_1"]
[Black "almaguerjm"]
[Result "1-0"]
[WhiteElo "2666"]
[BlackElo "2493"]
[TimeControl "180+1"]
[EndTime "9:29:38 PDT"]
[Termination "Mesa_1 won on time"]

1. Nf3 Nf6 2. c4 d6 3. Nc3 g6 4. d4 Bg7 5. e4 O-O 6. Be2 e5 7. d5 h6 8. h3 c5 9. g4 Nbd7 10.
g5 hxg5 11. Bxg5 Qa5 12. Qd2 Nh5 13. Rg1 a6 14. Nh4 Nf4 15. Nf5 f6 16. Bxf4 exf4 17. Rxg6 Rf7 18. Nh6+ Kh7 19. Nxf7 Kxg6 20. Nxd6 f3 21.
Bxf3 Bh6 22. Qc2 Ne5 23. Be2 Bxh3 24. f4 Bxf4 25. Kf2 Kg7 26. Rg1+ Kf8 27. Bd3 Qc7 28. Nf5 Qh7 29. Qe2 Bxf5 30. exf5 Re8 31. Be4 Nf7 32.
Qg4 Nd6 33. Qxf4 Re5 34. Rg3 Qh2+ 35. Kf3 Qh1+ 36. Rg2 Qf1+ 37. Kg3 Qe1+ 38. Kf3 Qf1+ 39. Rf2 Qh3+ 40. Ke2 Nxe4 41. Nxe4 Qh5+ 42. Kd2 Qh3 43. Qe3 Rxf5 44. Rxf5 Qxf5 45. Qxc5+ Kg7 46. Qg1+ Kf7 47. Nd6+ 1-0

[Event "Early-Titled-Tuesday-Blitz-September-26-2023"]
[Site "Chess.com"]
[Date "2023.09.26"]
[Round "8"]
[White "draksbg"]
[Black "Mr_Lion22"]
[Result "0-1"]
[WhiteElo "2639"]
[BlackElo "2483"]
[TimeControl "180+1"]
[EndTime "9:29:39 PDT"]
[Termination "Mr_Lion22 won by resignation"]

1. d4 Nf6 2. Bg5 Ne4 3. Bf4 c5 4. d5 Qb6 5. Nd2 Qxb2 6. Nxe4 Qb4+ 7. c3 Qxe4 8. e3 d6 9. Nf3 Qg6 10. Bb5+ Bd7 11. Bxd7+ Nxd7 12. O-O Qf6 13. c4 h6 14.
Qa4 g5 15. Bg3 Bg7 16. Rab1 b6 17. Qc6 Rd8 18. h4 O-O 19. hxg5 hxg5 20. Nd2 Ne5 21.
Qa4 Ng4 22. Rfe1 Qh6 23. f3 Be5 24. Bxe5 Nxe5 25. Qxa7 Ra8 26. Qxe7 Rxa2 27. Nf1 Kg7 28. Ra1 Rb2 29. Rab1 Rh8 30. Rxb2 Nd3 31. Nh2 Qxh2+ 32. Kf1 Qg3 33. Ke2 Nxb2 34. Kd2 Nxc4+ 35. Kd1 Qe5 36. Qxe5+ Nxe5 37. Kc2 b5 38. Kb3 Rb8 39. f4 gxf4 40. exf4 Nd3 41. g4 Nxf4 42. Rf1 Nxd5 43. g5 c4+ 44. Kc2 Ne3+ 45. Kc3 Nxf1 46. g6 fxg6 0-1

[Event "Early-Titled-Tuesday-Blitz-September-26-2023"]
[Site "Chess.com"]
[Date "2023.09.26"]
[Round "8"]
[White "CarlosjPineror"]
[Black "Kopytkin"]
[Result "1-0"]
[WhiteElo "2574"]
[BlackElo "2374"]
[TimeControl "180+1"]
[EndTime "9:29:39 PDT"]
[Termination "CarlosjPineror won on time"]

1. e4 Nf6 2. d3 e5 3. Nd2 Nc6 4. Ngf3 d5 5. Be2 g6 6. c3 Bg7 7. O-O O-O 8. h3 Re8 9. a4 a5 10.
Qc2 b6 11. Rd1 Ba6 12. Nf1 Qd7 13. Ng3 Rad8 14. Bg5 h6 15. Bxf6 Bxf6 16. Re1 Bg7 17. Rad1 d4 18. Bf1 Ne7 19. c4 c6 20. b3 b5 21. axb5 cxb5 22. Ra1 bxc4 23. bxc4 Nc6 24. Reb1 Rb8 25. Ne1 h5 26. Qa2 Bf8 27. Nc2 Nb4 28.
Nxb4 Bxb4 29. Rxb4 Rxb4 30. Qxa5 Rbb8 31. Qxa6 Ra8 32.
Qxa8 Rxa8 33. Rxa8+ Kg7 34. Ra5 f6 35. Ne2 Qb7 36.
Rb5 Qa7 37. Nc1 Kh6 38. g3 h4 39. g4 Kg5 40. Ne2 Kh6 41. Nc1 Kg5 42. Nb3 Kf4 43. Kg2 Qa2 44. Nc5 Kg5 45. Ne6+ Kh6 46.
Rb8 Kh7 47. Rb7+ Kh6 48. Nf8 Kg5 49. Rh7 1-0

[Event "Early-Titled-Tuesday-Blitz-September-26-2023"]
[Site "Chess.com"]
[Date "2023.09.26"]
[Round "8"]
[White "Hasangatin_Ramil"]
[Black "ArmanGhevondyanchess"]
[Result "1-0"]
[WhiteElo "2717"]
[BlackElo "2605"]
[TimeControl "180+1"]
[EndTime "9:29:40 PDT"]
[Termination "Hasangatin_Ramil won by resignation"]

1. e4 c5 2. Nf3 Nc6 3. Bb5 g6 4.
O-O Bg7 5. c3 a6 6. Bxc6 bxc6 7.
Re1 Rb8 8. d4 cxd4 9. cxd4 Nh6 10. Nc3 O-O 11. b3 d6 12. h3 f6 13. Be3 Nf7 14. Qd2 Qa5 15. Rac1 Qh5 16. Nh2 g5 17. Ne2 Bd7 18. f4 Qg6 19. f5 Qh5 20. Ng3 Qh4 21.
Qf2 Kh8 22. Rc4 Rb5 23. Rec1 Rfb8 24. Nf3 Qh6 25. h4 Rb4 26. h5 Rxc4 27. Rxc4 Bf8 28.
Nh2 Qg7 29. Ra4 Bc8 30. Qd2 e6 31. fxe6 Bxe6 32. Rxa6 Nd8 33. Qa5 Qb7 34. Ra7 Qb4 35. Qxb4 Rxb4 36. Ra8 Be7 37. Nf5 Bxf5 38. exf5 Kg8 39.
Kf2 Kf7 40. Ke2 Rb5 41. g4 c5 42. Nf3 Nc6 43. dxc5 dxc5 44. Kd2 Rb4 45. Rc8 Ne5 46.
Nxe5+ fxe5 47. Rc7 Kf6 48. Rxe7 Rxg4 49. Rxh7 Kxf5 50. Rg7 c4 51. bxc4 Rxc4 52. Rxg5+ Kf6 53. h6 Rh4 54. Rg2 Rh3 55. Rf2+ Ke6 56. Rg2 Kf5 57. Rg7 Ke4 58. h7 Rh2+ 59. Kc3 Kxe3 60. a4 e4 61. a5 Ke2 62. a6 1-0